 Dungeon Sprint DCSS version 0.24.0-41-g2ae2f7f1be (webtiles) character file.

Game seed: 1300970543605165228, levelgen mode: deterministic

542 McKennaii the Blocker (level 7, -2/62 HPs)
             Began as a Demonspawn Fighter on Dec 9, 2019.
             Was a Believer of Makhleb.
             Slain by an efreet
             ... wielding a +3 scimitar of flaming
              (4 damage)
             ... in the Dungeon (Sprint IX: "|||||||||||||||||||||||||||||").
             The game lasted 00:01:36 (472 turns).

McKennaii the Blocker (Demonspawn Fighter)           Turns: 472, Time: 00:01:37

Health: -2/62      AC: 14    Str: 21    XL:     7   Next: 6%
Magic:  7/7        EV: 11    Int:  9    God:    Makhleb [**....]
Gold:   0          SH: 12    Dex: 18    Spells: 6/6 levels left

rFire    . . .     SeeInvis .   p - +2 rapier of the Demagogue {flame, Str+2 Dex+3}
rCold    . . .     Gourm    .   c - +0 shield
rNeg     . . .     Faith    .   q - +1 chain mail
rPois    .         Spirit   .   (no helmet)
rElec    .         Reflect  .   (no cloak)
rCorr    .         Harm     .   a - +0 pair of gloves
MR       .....     NoTele   +   (no boots)
Stlth    ..........             (no amulet)
HPRegen  0.20/turn              b - +3 ring of dexterity
MPRegen  0.10/turn              r - +2 ring of evasion

@: lethally poisoned (-2 -> -4)
A: talons 1, icy blue scales 1, rot immunity
a: Minor Destruction, Renounce Religion


You were in the Dungeon.
You worshipped Makhleb.
Makhleb was pleased with you.
You were not hungry.

You visited 1 branch

Inventory:

Hand Weapons
 p - the +2 rapier of the Demagogue (weapon) {flame, Str+2 Dex+3}
   (You found it in the Dungeon)

   It has been specially enchanted to burn those struck by it, causing extra
   injury to most foes and up to half again as much damage against particularly
   susceptible opponents.
   It affects your strength (+2).
   It affects your dexterity (+3).
Armour
 a - a +0 pair of gloves (worn)
 c - a +0 shield (worn)
 q - a +1 chain mail (worn)
Jewellery
 b - a +3 ring of dexterity (left hand)
 r - a +2 ring of evasion (right hand)
Wands
 o - a wand of acid (10)
Scrolls
 k - 2 scrolls of blinking
 m - 3 scrolls of remove curse
 n - 2 scrolls of amnesia
Potions
 d - a potion of might
 e - 5 potions of curing
 g - 3 potions of heal wounds
 h - a potion of haste
 i - 4 potions of magic
 j - a potion of berserk rage
 l - a potion of invisibility
Comestibles
 f - a ration


   Skills:
 + Level 8.0 Fighting
 + Level 2.7(4.1) Short Blades
   Level 4.8(5.2) Long Blades
 + Level 6.6 Armour
 + Level 3.6 Dodging
 + Level 1.1 Stealth
 + Level 8.5 Shields


You had 6 spell levels left.
You didn't know any spells.
Your spell library was empty.

Dungeon Overview and Level Annotations

Branches:
Dungeon (1/1)

Altars:
Cheibriados
Dithmenos
Elyvilon
Fedhas
Gozag
Hepliaklqana
Kikubaaqudgha
Makhleb
Nemelex Xobeh
Okawaru
Qazlal
Ru
Sif Muna
Trog
Uskayaw
Vehumet
Wu Jian
Xom
Yredelemnul
Zin
The Shining One
Beogh
Jiyva
Lugonu


Innate Abilities, Weirdness & Mutations

You have sharp toenails.
You are partially covered in icy blue scales. (AC +2)
You are immune to rotting.


Message History

The efreet burns you.
There is an open door, spattered with blood here.
You see here a water moccasin corpse.
You barely miss the efreet. You claw the efreet.
The efreet is lightly wounded.
You feel sick.
Unknown command.
You barely miss the efreet. You claw the efreet, but do no damage.
The efreet is lightly wounded.
The efreet gestures at you. The bolt of fire hits you!!
* * * LOW HITPOINT WARNING * * *
Unknown command.
You hit the efreet. You claw the efreet.
The efreet is moderately wounded.
You feel sick.
The efreet hits you with a +3 scimitar of flaming!
* * * LOW HITPOINT WARNING * * *
The efreet burns you.
You die...

▓.▓
▓†▓
▓)▓
▓.▓
▓.▓
▓.▓
▓.▓
▓.▓
▓@▓
▓R▓
▓a▓
▓Z▓
▓.▓
▓.▓
▓.▓
▓+▓


You could see an efreet, a worker ant and a leopard gecko skeleton.

Vanquished Creatures
  A water moccasin (D)
  A black bear (D)
  A necrophage (D)
  A bullfrog (D)
  A wight (D)
  2 crimson imps (D)
  A hound (D)
  A worker ant (D)
  An adder (D)
  A shadow imp (D)
  A dart slug (D)
  A leopard gecko (D)
  A bat skeleton (D)
  A hobgoblin (D)
  A jackal (D)
  A bat (D)
  A frilled lizard (D)
18 creatures vanquished.

Vanquished Creatures (others)
  A bat zombie (D)
1 creature vanquished.

Grand Total: 19 creatures vanquished

Notes
Turn   | Place    | Note
-------+----------+-------------------------------------------
     0 | D        | McKennaii the Demonspawn Fighter began the quest for the
                  | Orb.
     0 | D        | Reached XP level 1. HP: 18/18 MP: 1/1
    22 | D        | Noticed a worker ant
    22 | D        | Noticed a crimson imp
    36 | D        | Killed a worker ant
    36 | D        | Gained mutation: You have sharp toenails. [demonic
                  | ancestry]
    36 | D        | Reached XP level 2. HP: 12/25 MP: 2/2
    36 | D        | Reached XP level 3. HP: 14/30 MP: 3/3
    52 | D        | Reached skill level 1 in Dodging
    52 | D        | Reached XP level 4. HP: 10/38 MP: 4/4
   314 | D        | Found a roughly hewn altar of Beogh.
   314 | D        | Found a snail-covered altar of Cheibriados.
   314 | D        | Found a shadowy altar of Dithmenos.
   314 | D        | Found a white marble altar of Elyvilon.
   314 | D        | Found a blossoming altar of Fedhas.
   314 | D        | Found an opulent altar of Gozag.
   315 | D        | Found a hazy altar of Hepliaklqana.
   316 | D        | Found a viscous altar of Jiyva.
   317 | D        | Found an ancient bone altar of Kikubaaqudgha.
   318 | D        | Found a corrupted altar of Lugonu.
   319 | D        | Found a burning altar of Makhleb.
   320 | D        | Found a sparkling altar of Nemelex Xobeh.
   321 | D        | Found an iron altar of Okawaru.
   322 | D        | Found a stormy altar of Qazlal.
   323 | D        | Found a sacrificial altar of Ru.
   324 | D        | Found a shimmering blue altar of Sif Muna.
   325 | D        | Found a bloodstained altar of Trog.
   326 | D        | Found a hide-covered altar of Uskayaw.
   327 | D        | Became a worshipper of Makhleb the Destroyer
   328 | D        | Found a radiant altar of Vehumet.
   329 | D        | Found an ornate altar of the Wu Jian Council.
   330 | D        | Found a shimmering altar of Xom.
   331 | D        | Found a basalt altar of Yredelemnul.
   332 | D        | Found a glowing silver altar of Zin.
   333 | D        | Found a glowing golden altar of the Shining One.
   352 | D        | Got the +2 rapier of the Demagogue {flame, Str+2 Dex+3}
   382 | D        | Noticed a bullfrog
   382 | D        | Noticed a black bear
   382 | D        | Noticed a necrophage
   387 | D        | Killed a bullfrog
   387 | D        | Reached skill level 5 in Fighting
   387 | D        | Reached skill level 5 in Shields
   387 | D        | Reached XP level 5. HP: 46/46 MP: 5/5
   392 | D        | Reached * piety under Makhleb
   392 | D        | Reached skill level 5 in Armour
   400 | D        | Reached skill level 1 in Short Blades
   405 | D        | Killed a black bear
   405 | D        | Gained mutation: You are immune to rotting. [demonic
                  | ancestry]
   405 | D        | Reached XP level 6. HP: 48/55 MP: 6/6
   409 | D        | Reached ** piety under Makhleb
   409 | D        | Reached skill level 1 in Stealth
   450 | D        | Noticed a water moccasin
   450 | D        | Noticed an efreet
   468 | D        | Killed a water moccasin
   468 | D        | Gained mutation: You are partially covered in icy blue
                  | scales. (AC +2) [demonic ancestry]
   468 | D        | Reached XP level 7. HP: 45/62 MP: 7/7
   472 | D        | HP: 2/62 [efreet/+3 scimitar of flaming (8)]
   472 | D        | Slain by an efreet

Levels and vault maps discovered:
D:        linesprint [early_d, line_temple, items_1, d_10, items_2, lair_1,
          lair_end, items_3, orc_1, orc_end, items_4, d_15, swamp_1, shoals_1,
          snake_1, spider_1, d_20, vaults_1, items_5, swamp_end, shoals_end,
          snake_end, spider_end, vaults_end, d_27, items_6, zot_1, zot_end,
          crypt_end, forest_end, elf_end, slime_end, tomb_end, abyss_end,
          pan_hell_end]

Skill      XL: |  1  2  3  4  5  6 |
---------------+-------------------+-----
Long Blades    | 3 4 |  4.8
Armour         | 3 4 5 6 |  6.6
Shields        | 3 4 5 7 8 |  8.5
Fighting       | 4 5 7 8 |  8.0
Dodging        | 1 2 3 |  3.6
Short Blades   | 1 2 |  2.7
Stealth        | 1 |  1.1

Action                   |  1- 3 |  4- 6 |  7- 9 || total
-------------------------+-------+-------+-------++-------
Melee: Long sword        |    40 |       |       ||    40
       Kick              |     4 |    18 |     3 ||    25
       Rapier            |       |    44 |     3 ||    47
Armor: Scale mail        |    18 |       |       ||    18
       Chain mail        |       |    15 |     2 ||    17
Dodge: Dodged            |     9 |    11 |     1 ||    21
Block: Shield            |    19 |    21 |       ||    40
       Rpst.: Long sword |     3 |       |       ||     3
